 Dungeon Crawl Stone Soup version 0.15-a0-2388-g9f833ab (webtiles) character file.

154062 Chiseanne the Ninja (level 16, -5/72 HPs)
             Began as a Spriggan Assassin on Aug 1, 2014.
             Was the Champion of Okawaru.
             Killed by the raging water
             ... invoked by a water nymph
              (14 damage)
             ... on Level 3 of the Shoals on Aug 2, 2014.
             The game lasted 03:36:50 (41006 turns).

Chiseanne the Ninja (Spriggan Assassin)            Turns: 41006, Time: 03:36:51

HP  -5/72        AC  7     Str  8      XL: 16   Next: 77%
MP   0/32        EV 44     Int 10      God: Okawaru [******]
Gold 2079        SH 10     Dex 30      Spells:  3 memorised,  8 levels left

rFire  . . .     SeeInvis +     d - +7 quick blade "Strig" {god gift, vamp, Int+2}
rCold  . . .     Clarity  .     S - -1 robe of Kiejam {rElec rN+ Str+1 Curse}
rNeg   + . .     rCorr    .     G - +3 buckler
rPois  .         rRot     .     V - +0 hat {god gift}
rElec  +         Spirit   +     T - +4 cloak "Miruci" {Dex+2 Int-5 Curse}
SustAb .         Warding  .     (gloves unavailable)
rMut   .         Stasis   .     (boots unavailable)
Gourm  .                        k - amulet of guardian spirit
MR     ++...                    x - ring of invisibility
                                J - +4 ring of dexterity

@: very quick, very resistant to hostile enchantments, very stealthy
A: unfitting armour, hooves 1, icy blue scales 1, see invisible, herbivore 3,
speed 3, slow metabolism 2
a: Heroism, Finesse, Renounce Religion, Evoke Invisibility
}: 1/15 runes: barnacled


You were on level 3 of the Shoals.
You worshipped Okawaru.
Okawaru was exalted by your worship.
You were not hungry.

You visited 6 branches of the dungeon, and saw 34 of its levels.
You also visited: Labyrinth and Bailey.

You collected 3499 gold pieces.
You spent 1420 gold pieces at shops.

Inventory:

Hand weapons
 a - the +9 dagger "Goblinslayer" {stab, rF++ rC++}
   (You found it on level 9 of the Dungeon)

   It inflicts extra damage upon your enemies.
   It greatly protects you from fire.
   It greatly protects you from cold.
 d - the +7 quick blade "Strig" (weapon) {god gift, vamp, Int+2}
   (Okawaru gifted it to you on level 1 of the Shoals)

   It inflicts no extra harm, but heals its wielder somewhat when it strikes a
   living foe.
   It affects your intelligence (+2).
 f - the +0 hunting sling "Thaokhae" {speed, +Blink rElec Dex+2}
   (You found it on level 8 of the Dungeon)

   Attacks with this weapon are significantly faster.
   It affects your dexterity (+2).
   It insulates you from electricity.
   It lets you blink.
 s - the +8 dagger of the Jester {god gift, stab, +Fly rElec rPois}
   (Okawaru gifted it to you on level 5 of the Lair of Beasts)

   It inflicts extra damage upon your enemies.
   It insulates you from electricity.
   It protects you from poison.
   It lets you fly.
 w - a +0 blowgun
Missiles
 b - 75 tomahawks of returning
 g - 4 curare-tipped needles
 l - 3 steel tomahawks
 o - 7 throwing nets
 t - 10 tomahawks of dispersal
 y - 4 needles of paralysis
 z - 8 silver tomahawks
 L - 103 tomahawks (quivered)
 O - 2 needles of sleeping
Armour
 D - a +0 steam dragon armour
 G - a +3 buckler (worn)
 S - the -1 robe of Kiejam (worn) {rElec rN+ Str+1 Curse}
   (You found it in a labyrinth)

   It affects your strength (+1).
   It insulates you from electricity.
   It protects you from negative energy.
   It may recurse itself when equipped.
 T - the +4 cloak "Miruci" (worn) {Dex+2 Int-5 Curse}
   (You found it in a labyrinth)

   It affects your intelligence (-5).
   It affects your dexterity (+2).
   It may recurse itself when equipped.
 V - a +0 hat (worn) {god gift}
Magical devices
 c - a wand of heal wounds (1)
 p - a wand of confusion (5)
 A - a wand of enslavement (7)
 I - a wand of paralysis (4)
 K - a wand of confusion (7)
 Q - a wand of digging (1)
 R - a wand of disintegration (7)
Comestibles
 P - 2 bread rations
Scrolls
 j - 2 scrolls of magic mapping
 r - 7 scrolls of remove curse
 B - 10 scrolls of teleportation
 E - 12 scrolls of identify
 F - a scroll of silence
 W - 3 scrolls of fear
 X - 2 scrolls of fog
 Z - 2 scrolls of holy word
Jewellery
 k - an amulet of guardian spirit (around neck)
 u - an uncursed amulet of rage
 x - a ring of invisibility (right hand)
 J - a +4 ring of dexterity (left hand)
Potions
 h - 5 potions of curing
 i - a potion of heal wounds
 m - 3 potions of porridge
 H - a potion of resistance
 M - a potion of agility
 N - 4 potions of cancellation
 U - a potion of restore abilities
 Y - a potion of haste
Books
 v - a book of Burglary

   Spells                             Type                      Level
   Swiftness                          Charms/Air                   2
   *Passwall                          Transmutation/Earth          3
   Passage of Golubria                Translocation                4
   Lee's Rapid Deconstruction         Earth                        5
   Invisibility                       Hexes                        6
   Darkness                           Hexes                        7
Rods
 e - a +2 rod of ignition (12/12)
   (You found it on level 8 of the Dungeon)
 q - a +9 rod of ignition (15/15)
   (You found it in a labyrinth)


   Skills:
 - Level 2.8 Fighting
 - Level 10.1 Short Blades
 - Level 9.0 Throwing
 + Level 23.8 Dodging
 O Level 27 Stealth
 - Level 9.3 Evocations


You had 8 spell levels left.
You knew the following spells:

 Your Spells              Type           Power        Failure   Level  Hunger
a - Blink                 Tloc           N/A          71%         2    ###....
b - Repel Missiles        Chrm/Air       #.....       71%         2    ###....
c - Passwall              Trmt/Erth      #.........   96%         3    ####...


Dungeon Overview and Level Annotations

Branches:
Dungeon (15/15)            Temple (1/1) D:7             Orc (4/4) D:9
    Elf (1/3) Orc:4          Lair (8/8) D:10         Shoals (5/5) Lair:3
 Spider (0/5) Lair:3        Slime (0/6) Lair:6       Vaults (0/5) D:14
 Depths: D:15

Altars:
Ashenzari
Cheibriados
Dithmenos
Elyvilon
Fedhas
Gozag
Kikubaaqudgha
Makhleb
Nemelex Xobeh
Okawaru
Qazlal
Sif Muna
Trog
Xom
Yredelemnul
Zin
The Shining One
Beogh

Shops:
D:12 }   Orc:4 :*[(   Shoals:5 ?*

Annotations:
D:15 Rupert
Orc:4 1 exclusion


Innate Abilities, Weirdness & Mutations

You are tiny and cannot use many weapons and most armour.
You have supernaturally acute eyesight.
You are a herbivore.
You cover ground extremely quickly.
You need consume almost no food.
You have large cloven feet.
You are partially covered in icy blue scales (AC +1).


Message History

You feel sick. The water nymph completely misses you.
Drink which item? (? for menu, Esc to quit)
You feel better. You block the water nymph's attack.
You hit the water nymph.
You feel better.
You kick the water nymph.
The water nymph is almost dead.
You hit the water nymph.
You feel better.
You kick the water nymph, but do no damage.
The water nymph is almost dead.
Your unstable footing causes you to fumble your attack.
The water nymph points at you and mumbles some strange words.
The water swirls and strikes you!
* * * LOW HITPOINT WARNING * * *
You barely miss the water nymph. You kick the water nymph.
The water nymph is almost dead.
You completely miss the water nymph.
You kick the water nymph, but do no damage.
The water nymph is almost dead.
The water nymph gestures at you while chanting.
The water swirls and strikes you!
You die...

≈≈≈
≈≈≈≈≈≈≈≈≈≈≈≈≈≈≈≈≈≈≈≈≈≈
≈≈≈≈≈≈≈≈≈≈≈≈≈≈≈≈≈≈≈≈≈≈≈
≈≈≈≈≈≈≈≈≈≈≈≈≈≈≈≈≈≈≈≈≈≈≈≈
≈≈≈≈≈≈≈≈≈≈≈≈≈≈≈≈≈≈≈≈≈≈≈≈
≈≈≈≈≈≈≈≈≈≈≈≈≈≈≈≈≈≈≈≈≈≈≈≈
≈≈≈≈≈≈≈≈..≈≈≈≈≈≈≈≈≈≈≈≈≈≈≈
≈P≈≈≈≈≈...≈≈≈≈≈≈≈≈≈≈≈≈≈≈≈
≈≈≈≈.≈≈≈≈≈≈≈≈≈≈≈≈≈≈≈≈≈≈≈≈
PP..≈≈..@m≈.≈≈≈≈≈≈ ≈≈≈≈≈≈
P.P.....≈≈≈...≈≈≈ ≈≈≈≈
P.......#....≈≈ ≈≈≈≈≈
.PP......###....≈≈ ≈≈≈≈≈≈
≈≈≈k.....≈≈. #≈..≈.≈
≈≈≈≈≈≈ ≈≈≈≈≈≈....≈≈≈
≈.... ≈≈≈≈≈≈
..≈≈≈≈≈!...... ...
≈≈≈≈≈≈≈ #....≈≈....≈≈. .
≈...≈≈≈ ##....≈≈≈.≈≈≈≈≈
≈....>≈


You could see a water nymph.

Vanquished Creatures
  Ilsuiw (Shoals:5)
  Maud (Lair:4)
  An orc warlord (Orc:4)
  The ghost of bart the Fencer, a powerful VSCK of Ashenzari (Lair:8)
  Snorg (D:14)
  2 merfolk javelineers (Shoals:5)
  A minotaur (Lab)
  6 merfolk impalers
  Fannar (D:14)
  6 hydras
  4 merfolk aquamancers
  An alligator snapping turtle (Shoals:5)
  A centaur warrior (D:14)
  6 death yaks
  The ghost of bart the Conjurer, a powerful OpWz of Sif Muna (Lair:2)
  5 orc high priests
  A satyr (Shoals:5)
  Nergalle (Lair:5)
  5 skeletal warriors
  A fire crab (Lair:8)
  9 sea snakes
  An orb spider (Lair:3)
  3 hill giants (D:14)
  The ghost of bart the Martial Artist, an experienced TeMo of Cheibriados (D:9)
  6 manticores
  Pikel (D:5)
  31 harpies
  7 orc knights
  6 fauns
  10 cyclopes
  A sixfirhy (Orc:4)
  13 griffons
  5 orc sorcerers
  The ghost of Herrn the Skirmisher, an experienced GrFi (Bailey)
  8 elephants
  5 water nymphs
  Joseph (D:8)
  7 black mambas
  8 mermaids
  2 centaur skeletons (D:10)
  A torpor snail (Lair:8)
  8 komodo dragons
  5 spiny frogs
  3 trolls
  3 fire drakes
  Grinder (D:5)
  28 merfolk
  2 spriggan druids (Lair:8)
  Sonja (Orc:3)
  7 polar bears (Lair:8)
  A wind drake (Shoals:1)
  A raiju (shapeshifter) (D:15)
  A blue devil (Orc:4)
  10 snapping turtles
  2 shadows (D:12)
  A two-headed ogre (D:13)
  9 basilisks
  18 blink frogs
  A trapdoor spider (D:12)
  3 redbacks (Lair:8)
  2 deep elf magi
  8 wyverns
  18 water elementals
  18 yaks
  13 spriggans
  2 wraiths
  Eustachio (Orc:2)
  16 hippogriffs
  15 humans
  A hungry ghost (D:9)
  A steam dragon (D:12)
  A hill giant skeleton (D:10)
  A deep elf fighter (Orc:4)
  A warg (D:9)
  2 mottled dragons
  22 wolves (Lair:8)
  3 yellow wasps
  16 water moccasins
  A hell hound (Lair:5)
  2 ice beasts
  7 porcupines
  9 black bears
  3 sky beasts
  46 orc warriors
  3 phantoms
  9 centaurs
  12 ogres
  A boring beetle (Lair:6)
  A necrophage (D:5)
  10 giant frogs
  Duvessa (D:7)
  15 crocodiles
  A giant frog (shapeshifter) (D:14)
  A yaktaur zombie (D:12)
  A komodo dragon zombie (D:12)
  4 scorpions
  A hippogriff zombie (D:9)
  34 killer bees
  3 crimson imps
  3 electric eels (Lair:8)
  Dowan (D:7)
  16 jellies
  6 hounds
  A giant frog skeleton (D:11)
  A black bear zombie (D:6)
  Crazy Yiuf (D:6)
  38 orc priests
  38 orc wizards
  12 worker ants
  An elf skeleton (D:11)
  20 sheep
  11 iguanas
  A big kobold zombie (D:9)
  A mottled dragon skeleton (D:9)
  A crocodile zombie (D:10)
  A hound zombie (D:7)
  A mummy (D:12)
  29 adders
  6 gnolls
  37 green rats
  6 orc zombies
  A shadow imp (D:5)
  A goliath beetle zombie (D:5)
  3 giant mites (Lair:6)
  2 worms
  2 orc skeletons (Orc:4)
  8 giant geckos
  An ooze (Lair:6)
  211 orcs
  4 giant cockroaches
  23 goblins
  18 hobgoblins
  3 jackals (D:3)
  16 quokkas
  A ball python (D:1)
  16 bats
  A giant gecko zombie (D:8)
  4 giant newts
  A giant newt zombie (D:5)
  A giant spore (D:14)
  A hobgoblin zombie (Orc:2)
  28 kobolds
  A kobold skeleton (D:5)
  A kobold zombie (D:6)
  A quokka zombie (D:9)
  10 rats
  A rat zombie (D:7)
  6 ballistomycetes (D:14)
  4 bushes
  11 fungi
  44 plants
1242 creatures vanquished.

Vanquished Creatures (collateral kills)
  A merfolk aquamancer (Shoals:5)
  A death yak (Lair:5)
  A griffon (Lair:5)
  A manticore (Shoals:2)
  4 harpies (Shoals:2)
  A fire drake (Lair:5)
  A polar bear (Lair:8)
  A crocodile (Lair:5)
  3 sheep (Lair:5)
  A plant (Shoals:5)
15 creatures vanquished.

Vanquished Creatures (others)
  A merfolk aquamancer (Shoals:5)
  A fire drake (Lair:5)
  6 trapdoor spiders (Shoals:5)
  4 redbacks (Shoals:5)
  A hippogriff (Lair:5)
  A sky beast (D:5)
  Edmund (D:5)
  5 spiders
  A slave (D:5)
  3 orcs (Orc:2)
  A quokka (D:7)
  A rat (D:5)
  2 butterflies (D:5)
  12 fungi
  15 plants
55 creatures vanquished.

Grand Total: 1312 creatures vanquished

Notes
Turn   | Place    | Note
--------------------------------------------------------------
     0 | D:1      | Chiseanne, the Spriggan Assassin, began the quest for the Orb.
     0 | D:1      | Reached XP level 1. HP: 10/10 MP: 2/2
    91 | D:1      | Reached skill level 6 in Stealth
   307 | D:1      | Reached XP level 2. HP: 9/14 MP: 4/4
  1695 | D:2      | Reached skill level 7 in Stealth
  1695 | D:2      | Reached XP level 3. HP: 18/18 MP: 6/6
  2205 | D:3      | Reached XP level 4. HP: 22/22 MP: 8/8
  2424 | D:3      | Found a shattered altar of Ashenzari.
  2570 | D:4      | Reached skill level 8 in Stealth
  2634 | D:4      | Reached XP level 5. HP: 25/25 MP: 10/10
  2990 | D:4      | Found an opulent altar of Gozag.
  3852 | D:5      | Entered Level 5 of the Dungeon
  3860 | D:5      | Noticed Pikel
  3860 | D:5      | Noticed a slave
  3860 | D:5      | Noticed a slave
  3860 | D:5      | Noticed a slave
  3861 | D:5      | Noticed a slave
  3885 | D:5      | Noticed Edmund
  3900 | D:5      | Killed Pikel
  3900 | D:5      | Reached skill level 10 in Stealth
  3900 | D:5      | Reached XP level 6. HP: 25/30 MP: 9/12
  3900 | D:5      | Reached XP level 7. HP: 27/33 MP: 10/14
  3918 | D:5      | Killed Edmund
  3938 | D:5      | Reached skill level 11 in Stealth
  4098 | D:5      | Noticed Grinder
  4107 | D:5      | Killed Grinder
  4107 | D:5      | Reached XP level 8. HP: 37/37 MP: 16/16
  4177 | D:5      | Noticed a phantom
  4184 | D:5      | Killed a phantom
  4349 | D:5      | Killed a freed slave
  4470 | D:5      | Reached skill level 12 in Stealth
  5086 | D:5      | Noticed a necrophage
  5106 | D:5      | Killed a necrophage
  5202 | D:6      | Gained mutation: You have large cloven feet. [potion of beneficial mutation]
  5203 | D:6      | Gained mutation: You are partially covered in icy blue scales (AC +1). [potion of beneficial mutation]
  5274 | D:6      | Got an encrusted trident
  5294 | D:6      | Identified the +5 trident of Teqet {drain, rF++} (You found it on level 6 of the Dungeon)
  5658 | D:6      | Noticed Crazy Yiuf
  5667 | D:6      | Killed Crazy Yiuf
  6200 | D:6      | Reached skill level 5 in Short Blades
  6200 | D:6      | Reached skill level 13 in Stealth
  6659 | D:6      | Reached XP level 9. HP: 31/41 MP: 15/18
  6889 | D:7      | Noticed Dowan
  6918 | D:7      | Killed Dowan
  6961 | D:7      | Noticed Duvessa
  6998 | D:7      | Killed Duvessa
  6998 | D:7      | Reached skill level 5 in Throwing
  7168 | D:7      | Found a white marble altar of Elyvilon.
  7615 | D:7      | Found a staircase to the Ecumenical Temple.
  7711 | Temple   | Entered the Ecumenical Temple
  7875 | Temple   | Became a worshipper of Warmaster Okawaru
  8359 | D:7      | Reached skill level 10 in Dodging
  8393 | D:8      | Noticed Joseph
  8394 | D:8      | Killed Joseph
  8397 | D:8      | Acquired Okawaru's first power
  8414 | D:8      | Got an ichor-stained hunting sling
  8415 | D:8      | Identified the +0 hunting sling "Thaokhae" {speed, +Blink rElec Dex+2} (You found it on level 8 of the Dungeon)
  8434 | D:8      | Reached skill level 14 in Stealth
  8460 | D:8      | Found a bloodstained altar of Trog.
  8666 | D:8      | Identified a +0 rod of ignition (10/10) (You found it on level 8 of the Dungeon)
  9539 | D:9      | Reached XP level 10. HP: 46/46 MP: 19/19
  9963 | D:9      | Reached skill level 15 in Stealth
  9994 | D:9      | Got a transparent dagger
  9999 | D:9      | Identified the +9 dagger "Goblinslayer" {stab, rF++ rC++} (You found it on level 9 of the Dungeon)
 10187 | D:9      | Noticed bart's ghost (experienced TeMo)
 10216 | D:9      | Killed bart's ghost
 10254 | D:9      | Found a staircase to the Orcish Mines.
 11116 | D:10     | Entered Level 10 of the Dungeon
 11212 | D:10     | Reached skill level 16 in Stealth
 11617 | D:10     | Found a staircase to the Lair.
 11628 | D:10     | Reached XP level 11. HP: 49/49 MP: 20/20
 11630 | D:10     | Received a gift from Okawaru
 11760 | Lair:1   | Entered Level 1 of the Lair of Beasts
 11833 | Lair:1   | Found a labyrinth entrance.
 11844 | Lab      | Entered a labyrinth
 12123 | Lab      | Noticed a minotaur
 12149 | Lab      | Killed a minotaur
 12159 | Lab      | Got a faintly humming robe
 12159 | Lab      | Got a jewelled cloak
 12159 | Lab      | Got a smoking robe
 12188 | Lab      | Identified the cursed -1 robe of Kiejam {rElec rN+ Str+1 Curse} (You found it in a labyrinth)
 12200 | Lab      | Identified the +4 cloak "Miruci" {Dex+2 Int-5 Curse} (You found it in a labyrinth)
 12211 | Lab      | Identified the +1 robe "Thruo" {rF+} (You found it in a labyrinth)
 12308 | Lab      | Identified a +4 rod of ignition (10/10) (You found it in a labyrinth)
 12344 | Lair:1   | Reached skill level 17 in Stealth
 12556 | Lair:1   | Acquired Okawaru's second power
 12567 | Lair:1   | Received a gift from Okawaru
 13228 | Lair:2   | Noticed bart's ghost (powerful OpWz)
 13239 | Lair:2   | Killed bart's ghost
 13239 | Lair:2   | Received a gift from Okawaru
 13336 | Lair:2   | Reached skill level 18 in Stealth
 14493 | Lair:3   | Found a hole to the Spider Nest.
 14493 | Lair:3   | Noticed an orb spider
 14521 | Lair:3   | Killed an orb spider
 15061 | Lair:3   | Found a staircase to the Shoals.
 15720 | Lair:4   | Reached XP level 12. HP: 53/53 MP: 21/21
 15786 | Lair:4   | Reached skill level 19 in Stealth
 15975 | Lair:4   | Noticed Maud
 16789 | Lair:4   | Killed Maud
 16789 | Lair:4   | Received a gift from Okawaru
 16914 | Lair:4   | Reached skill level 1 in Evocations
 17077 | Lair:5   | Reached skill level 15 in Dodging
 17088 | Lair:5   | Was placed under penance by Okawaru
 17491 | Lair:5   | Was forgiven by Okawaru
 17566 | Lair:5   | Received a gift from Okawaru
 17819 | Lair:5   | Noticed Nergalle
 18077 | Lair:5   | Received a gift from Okawaru
 18077 | Lair:5   | Reached skill level 20 in Stealth
 18080 | Lair:5   | Got a faintly glowing dagger {god gift}
 18081 | Lair:5   | Identified the +8 dagger of the Jester {god gift, stab, +Fly rElec rPois} (Okawaru gifted it to you on level 5 of the Lair of Beasts)
 18472 | Lair:5   | Killed Nergalle
 18472 | Lair:5   | Reached skill level 5 in Evocations
 18996 | Lair:5   | Reached XP level 13. HP: 57/57 MP: 27/27
 19427 | Lair:6   | Received a gift from Okawaru
 19925 | Lair:6   | Found a staircase to the Slime Pits.
 20393 | Lair:7   | Reached skill level 21 in Stealth
 20978 | Lair:8   | Entered Level 8 of the Lair of Beasts
 20998 | Lair:8   | Noticed bart's ghost (powerful VSCK)
 21055 | Lair:8   | Killed bart's ghost
 21055 | Lair:8   | Reached skill level 10 in Short Blades
 21809 | Lair:8   | Received a gift from Okawaru
 21810 | Lair:8   | Got a transparent robe {god gift}
 21952 | Lair:7   | Identified the -4 robe of Okawaru's Hope {god gift, Dex+3 Int+1} (Okawaru gifted it to you on level 8 of the Lair of Beasts)
 22277 | Lair:8   | Reached skill level 22 in Stealth
 22277 | Lair:8   | Reached XP level 14. HP: 60/63 MP: 28/30
 23100 | Lair:8   | Received a gift from Okawaru
 24960 | D:12     | Found Pidick's Gadget Shop.
 26153 | D:13     | Reached skill level 23 in Stealth
 26562 | D:14     | Identified Iskenderun's Almanac of Igneous Conjuration (You found it on level 14 of the Dungeon)
 26635 | D:14     | Found a gate to the Vaults.
 26739 | D:13     | Received a gift from Okawaru
 26824 | D:14     | Noticed Snorg
 26833 | D:14     | Killed Snorg
 26840 | D:14     | Received a gift from Okawaru
 27001 | D:14     | Received a gift from Okawaru
 27212 | D:14     | Noticed Fannar
 27434 | D:14     | Killed Fannar
 27744 | D:15     | Entered Level 15 of the Dungeon
 27763 | D:15     | Noticed Rupert
 27765 | D:15     | Reached skill level 24 in Stealth
 27787 | D:15     | Paralysed by Rupert for 7 turns
 28089 | Orc:1    | Entered Level 1 of the Orcish Mines
 28559 | Orc:2    | Noticed Eustachio
 28584 | Orc:2    | Killed Eustachio
 29269 | Orc:3    | Found a flagged portal.
 29298 | Bailey   | Entered a bailey
 29311 | Bailey   | Noticed Herrn's ghost (experienced GrFi)
 29322 | Bailey   | Killed Herrn's ghost
 29850 | Orc:3    | Reached XP level 15. HP: 67/67 MP: 32/32
 30332 | Orc:3    | Noticed Sonja
 30342 | Orc:3    | Killed Sonja
 30642 | Orc:4    | Entered Level 4 of the Orcish Mines
 30997 | Orc:4    | Found a roughly hewn altar of Beogh.
 31345 | Orc:4    | Found a staircase to the Elven Halls.
 31410 | Orc:4    | Received a gift from Okawaru
 31888 | Orc:4    | Reached skill level 25 in Stealth
 32917 | Orc:4    | Received a gift from Okawaru
 33653 | Orc:4    | Found Iceaskia's General Store.
 33654 | Orc:4    | Found Quaceum's Book Shoppe.
 33655 | Orc:4    | Found Skodechi's Antique Armour Shoppe.
 33655 | Orc:4    | Found Plusmatzeugh's Antique Weapon Emporium.
 33678 | Orc:4    | Bought a scroll of identify for 28 gold pieces
 33678 | Orc:4    | Bought a scroll of identify for 28 gold pieces
 33882 | Elf:1    | Entered Level 1 of the Elven Halls
 34161 | Lair:1   | Upgraded the game from 0.15-a0-2374-gaadabb3 to 0.15-a0-2388-g9f833ab
 34230 | Shoals:1 | Entered Level 1 of the Shoals
 35151 | Shoals:1 | Received a gift from Okawaru
 35154 | Shoals:1 | Got a slimy quick blade {god gift}
 35192 | Shoals:1 | Identified the +7 quick blade "Strig" {god gift, vamp, Int+2} (Okawaru gifted it to you on level 1 of the Shoals)
 35654 | Shoals:1 | Reached skill level 26 in Stealth
 36718 | Shoals:2 | Received a gift from Okawaru
 37306 | Shoals:2 | Received a gift from Okawaru
 37375 | Shoals:2 | Reached skill level 27 in Stealth
 37414 | Shoals:2 | Reached XP level 16. HP: 69/72 MP: 19/32
 38782 | Shoals:4 | Received a gift from Okawaru
 38811 | Shoals:4 | HP: 2/72 [merfolk aquamancer/ball of steam (21)]
 39402 | Shoals:5 | Entered Level 5 of the Shoals
 39549 | Shoals:5 | Learned a level 2 spell: Blink
 39552 | Shoals:5 | Learned a level 2 spell: Repel Missiles
 39673 | Shoals:5 | Learned a level 3 spell: Passwall
 39745 | Shoals:5 | Found Alom's Magic Scroll Shop.
 39754 | Shoals:5 | Bought a scroll of identify for 32 gold pieces
 39754 | Shoals:5 | Bought a scroll of remove curse for 48 gold pieces
 39754 | Shoals:5 | Bought a scroll of fear for 56 gold pieces
 39754 | Shoals:5 | Bought a scroll of identify for 32 gold pieces
 39754 | Shoals:5 | Bought a scroll of fog for 32 gold pieces
 39754 | Shoals:5 | Bought a scroll of fear for 56 gold pieces
 39754 | Shoals:5 | Bought a scroll of recharging for 152 gold pieces
 39754 | Shoals:5 | Bought a scroll of holy word for 120 gold pieces
 39754 | Shoals:5 | Bought a scroll of silence for 120 gold pieces
 39754 | Shoals:5 | Bought a scroll of identify for 32 gold pieces
 39754 | Shoals:5 | Bought a scroll of identify for 32 gold pieces
 39832 | Shoals:5 | Received a gift from Okawaru
 39838 | Shoals:5 | Got a crystal dagger {god gift}
 39841 | Shoals:5 | Identified the +5 dagger of Ybeloxt {god gift, stab, rF++ rN+ Str-3} (Okawaru gifted it to you on level 5 of the Shoals)
 40182 | Shoals:5 | Noticed Ilsuiw
 40230 | Shoals:5 | Killed Ilsuiw
 40492 | Shoals:5 | Received a gift from Okawaru
 40540 | Shoals:5 | Got an iridescent long sword {god gift}
 40541 | Shoals:5 | Identified the +2 long sword "Z" {god gift, flame, MR++} (Okawaru gifted it to you on level 5 of the Shoals)
 40553 | Shoals:5 | Got a barnacled rune of Zot
 40576 | Shoals:5 | Found Ixtur's Assorted Antiques.
 40588 | Shoals:5 | Bought a scroll of holy word for 217 gold pieces
 40588 | Shoals:5 | Bought a scroll of teleportation for 87 gold pieces
 40588 | Shoals:5 | Bought a potion of resistance for 203 gold pieces
 40588 | Shoals:5 | Bought a scroll of identify for 58 gold pieces
 40588 | Shoals:5 | Bought a potion of restore abilities for 87 gold pieces
 41006 | Shoals:3 | Killed from afar by a water nymph

Action                   |  1- 3 |  4- 6 |  7- 9 | 10-12 | 13-15 | 16-18 || total
-------------------------+-------+-------+-------+-------+-------+-------++-------
Melee: Dagger            |   112 |    36 |   247 |   799 |  2067 |       ||  3261
       Short sword       |       |       |   112 |    48 |       |       ||   160
       Rod               |       |       |     5 |     5 |     3 |       ||    13
       Quick blade       |       |       |       |       |    88 |  1117 ||  1205
 Fire: Blowgun           |     6 |    32 |   112 |    83 |     6 |       ||   239
Throw: Tomahawk          |       |       |       |     2 |   126 |    39 ||   167
Invok: Heroism           |       |       |       |     1 |     1 |       ||     2
 Abil: Evoke Invisibilit |       |       |       |       |    34 |     3 ||    37
Evoke: Wand              |       |       |    11 |    28 |    42 |    11 ||    92
       Rod               |       |       |       |    28 |    46 |       ||    74
       Sack of spiders   |       |       |       |     3 |     1 |     5 ||     9
  Use: Scroll            |     6 |       |    13 |    17 |    13 |     5 ||    54
       Potion            |       |       |     2 |     6 |    17 |     2 ||    27
 Stab: Sleeping          |    10 |     7 |    37 |    70 |   139 |    15 ||   278
       Distracted        |       |       |     4 |     6 |    24 |     2 ||    36
       Paralysed         |       |       |     1 |     1 |     2 |       ||     4
       Invisible         |       |       |       |     3 |    87 |    15 ||   105
       Fleeing           |       |       |       |       |     1 |       ||     1
       Confused          |       |       |       |       |     3 |       ||     3
  Eat: Fruit             |       |       |     4 |     8 |     4 |     4 ||    20
       Pizza             |       |       |     1 |       |     1 |       ||     2
       Royal jelly       |       |       |       |     2 |     1 |     1 ||     4
       Bread ration      |       |       |       |     3 |     8 |       ||    11
